 Dungeon Crawl Stone Soup version 0.19-a0-1883-gc9e4fd8 (webtiles) character file.

35 JeffiDaFish the Conjurer (level 3, -1/27 HPs)
             Began as a Draconian Conjurer on Oct 14, 2016.
             Slain by Sigmund
             ... wielding a +0 scythe
              (10 damage)
             ... on level 2 of the Dungeon.
             The game lasted 00:05:08 (1556 turns).

JeffiDaFish the Conjurer (Draconian Conjurer)       Turns: 1556, Time: 00:05:09

Health: -1/27      AC:  7    Str: 10    XL:     3   Next: 17%
Magic:  3/6        EV: 12    Int: 16    God:
Gold:   108        SH:  0    Dex: 11    Spells: 3 memorised, 0 levels left

rFire  . . .     SeeInvis .     d - +1 dagger (venom)
rCold  . . .     Gourm    .     (armour unavailable)
rNeg   . . .     Faith    .     (no shield)
rPois  .         Spirit   .     (helmet restricted)
rElec  .         Dismiss  .     (no cloak)
rCorr  .         Reflect  .     (no gloves)
MR     .....     Harm     .     j - +1 pair of boots
Stlth  +.........               (no amulet)
                                (no ring)
                                (no ring)

@: confused
A: unfitting armour, cold-blooded, AC +5
a: no special abilities


You were on level 2 of the Dungeon.
You were not hungry.

You visited 1 branch of the dungeon, and saw 2 of its levels.

You collected 108 gold pieces.

Inventory:

Hand Weapons
 d - a +1 dagger of venom (weapon)
 g - a +0 short sword
Armour
 j - a +1 pair of boots (worn)
Scrolls
 c - 2 scrolls of identify
 e - a scroll of amnesia
 h - a scroll of blinking
Potions
 k - a potion of berserk rage {unknown}
Books
 a - a book of Conjurations

   Spells                             Type                      Level
   a - Magic Dart                     Conjuration                  1
   b - Searing Ray                    Conjuration                  2
   c - Dazzling Spray                 Conjuration/Hexes            3
   d - Fulminant Prism                Conjuration/Hexes            4
   e - Iskenderun's Mystic Blast      Conjuration                  4
   f - Iskenderun's Battlesphere      Conjuration/Charms           5
Comestibles
 b - 2 bread rations
 f - 2 meat rations


   Skills:
 * Level 0.4 Fighting
 + Level 0.4 Short Blades
 + Level 1.9 Dodging
 * Level 2.2 Stealth
 + Level 2.1 Spellcasting
 + Level 4.5 Conjurations


You couldn't memorise any spells.
You knew the following spells:

 Your Spells              Type           Power        Failure   Level  Hunger
a - Magic Dart            Conj           ###.         3%          1    #......
b - Searing Ray           Conj           ###...       6%          2    ###....
c - Dazzling Spray        Conj/Hex       #.....       28%         3    ###....


Dungeon Overview and Level Annotations

Branches:
Dungeon (2/15)

Altars:

Annotations:
D:2 Sigmund


Innate Abilities, Weirdness & Mutations

Your plain brown scales are hard. (AC +5)
You cannot fit into any form of body armour.
You are cold-blooded and may be slowed by cold attacks.


Message History

You're too confused to cast spells.
You bump into the rock wall.
Sigmund casts a spell at you. You resist with significant effort.
Unknown command.
You bump into the rock wall.
Sigmund hits you with a scythe.
You're too confused to move!
Sigmund casts a spell at you. The puff of flame hits you!
Sigmund closely misses you.
You bump into the rock wall.
You're too confused to move!
You feel less confused.
Sigmund hits you from afar with a scythe.
Sigmund casts a spell at you.
You are confused.
You bump into the rock wall.
You bump into the rock wall.
Sigmund hits you from afar with a scythe!
You die...

## ######. #....#.
#....#. #....#.
####....#. #.######
#..##....#. #...@..###
##..##....#.
##.###@..###...##...)#.
.####.
###..##...###.###.
...#. ##.#...####.# #.
#.#.## #.....##...####
....#####.....#..####..
#.#.##........#.## ##.#
#.#....###......# ##..#
#....### ##.#..## #..##
#.####..# ##.#..# ##.##


You could see Sigmund.

Vanquished Creatures
  4 dart slugs
  2 leopard geckos
  4 giant cockroaches (D:2)
  A goblin (D:1)
  2 hobgoblins
  4 kobolds
  A ball python (D:1)
  3 bats
  4 rats
25 creatures vanquished.

Notes
Turn   | Place    | Note
-------+----------+-------------------------------------------
     0 | D:1      | JeffiDaFish the Draconian Conjurer began the quest for the Orb.
     0 | D:1      | Reached XP level 1. HP: 14/14 MP: 3/3
   478 | D:1      | Reached XP level 2. HP: 10/20 MP: 5/5
   646 | D:1      | Learned a level 2 spell: Searing Ray
  1217 | D:2      | Reached XP level 3. HP: 10/27 MP: 3/6
  1458 | D:2      | Learned a level 3 spell: Dazzling Spray
  1540 | D:2      | Noticed Sigmund
  1556 | D:2      | Slain by Sigmund

Vault maps used:
D:1:      sevenhm_arrival_forest_fort_large_4
D:2:      uniq_sigmund

Skill      XL: |  1  2 |
---------------+-------+-----
Stealth        | 2 |  2.2
Fighting       | |  0.4
Short Blades   | |  0.4
Dodging        | |  1.9
Spellcasting   | |  2.1
Conjurations   | |  4.5

Action                   || total
-------------------------++-------
Melee: Unarmed           ||    25
       Tailslap          ||     7
       Dagger            ||    51
 Cast: Magic Dart        ||     9
       Searing Ray       ||     3
  Use: Scroll            ||     6
       Potion            ||     3
 Stab: Sleeping          ||     3
  Eat: Chunk             ||     2
Armor: Skin              ||    32
Dodge: Dodged            ||    46
